 Dungeon Crawl Stone Soup version 0.31.0-9-g3a7656b989 (webtiles) character file.

Game seed: 15138840361483117121

61 qw the Shooter (level 3, 0/20 HPs)
             Began as a Deep Elf Hunter on Feb 2, 2024.
             Slain by a ball python (2 damage)
             ... on level 3 of the Dungeon.
             The game lasted 00:00:06 (1584 turns).

qw the Shooter (Deep Elf Hunter)                    Turns: 1584, Time: 00:00:06

Health: 0/20       AC:  5    Str: 10    XL:     3   Next: 83%
Magic:  5/5        EV: 11    Int: 13    God:
Gold:   105        SH:  0    Dex: 18    Spells: 2/2 levels left

rFire   . . .        a - +0 shortbow
rCold   . . .        (shield currently unavailable)
rNeg    . . .        e - +0 ring mail
rPois   .            (no helmet)
rElec   .            (no cloak)
rCorr   .            (no gloves)
SInv    .            (no boots)
Will    .....        (no amulet)
Stlth   +            (no ring)
HPRegen 0.23/turn    (no ring)
MPRegen 0.09/turn

%: no passive effects
@: no status effects
A: no striking features
a: no special abilities


You were on level 3 of the Dungeon.
You visited 1 branch of the dungeon, and saw 3 of its levels.

You collected 144 gold pieces.
You spent 39 gold pieces at shops.


   Skills:
 - Level 1.5 Fighting
 + Level 7.3 Ranged Weapons
 - Level 2.4 Dodging
 - Level 1.2 Stealth


You had 2 spell levels left.
You didn't know any spells.
Your spell library was empty.

Inventory:

Hand Weapons
 a - a +0 shortbow (weapon)
Armour
 e - a +0 ring mail (worn)
Jewellery
 b - a ring of poison resistance
Potions
 c - a potion of resistance
 f - a potion of mutation {unknown}
 j - a potion of brilliance {unknown}

Dungeon Overview and Level Annotations

Branches:
Dungeon (3/15)

Altars:

Shops:
D:1 !


Message History

The adder is severely wounded.
You feel sick.
You are no longer poisoned.
The adder misses you. The giant cockroach closely misses you.
The adder misses you. The giant cockroach barely misses you.
You shoot an arrow. The arrow misses the adder.
The adder misses you.
The giant cockroach bites you but does no damage.
You shoot an arrow. The arrow barely misses the adder.
The adder bites you.
You are poisoned.
The adder poisons you! The giant cockroach closely misses you.
The adder misses you.
The giant cockroach bites you but does no damage.
You shoot an arrow.
The arrow hits the adder but does no damage.
The adder is severely wounded.
You feel sick.
A ball python comes into view.
The adder bites you but does no damage.
The giant cockroach bites you but does no damage.
The adder bites you but does no damage.
You shoot an arrow. The ball python hisses angrily.
The arrow hits the adder!
You kill the adder!
You feel sick.
The giant cockroach bites you but does no damage. x2
You shoot an arrow.
The arrow completely misses the giant cockroach.
You feel sick. The giant cockroach barely misses you.
You shoot an arrow.
The arrow hits the giant cockroach but does no damage.
You feel sick.
You are no longer poisoned.
The giant cockroach bites you but does no damage.
You shoot an arrow. The arrow hits the giant cockroach.
The giant cockroach is heavily wounded.
The ball python bites you.
You die...

.........#.#......#
.#######.#.#.######
..........#.#
.######.###.# #.#
#.# #%###.# #...#.#
#...# #@..# #SB.#
#...# #...# #...#
..#~# ###~# #~


You could see a giant cockroach and a ball python.

Vanquished Creatures
  3 adders
  A dart slug (D:2)
  3 ribbon worms (D:2)
  A giant cockroach (D:2)
  2 hobgoblins (D:1)
  A ball python (D:1)
  5 bats
  6 frilled lizards
  5 kobolds
  4 rats
31 creatures vanquished.

Notes
Turn   | Place    | Note
-------+----------+-------------------------------------------
     0 | D:1      | qw the Deep Elf Hunter began the quest for the Orb.
     0 | D:1      | Reached XP level 1. HP: 12/12 MP: 3/3
     0 | D:1      | 0 ||| qw: Version: 0.3-a-155-g5e7d8dd
     0 | D:1      | 0 ||| qw: Game counter: 1795
     0 | D:1      | 0 ||| qw: Melee chars always use a shield: true
     0 | D:1      | 0 ||| qw: God list: Okawaru
     0 | D:1      | 0 ||| qw: Allow faded altars: false
     0 | D:1      | 0 ||| qw: Do Orc after clearing Dungeon:15 true
     0 | D:1      | 0 ||| qw: Do second Lair branch before Depths: true
     0 | D:1      | 0 ||| qw: Lair rune preference: random
     0 | D:1      | 0 ||| qw: Goals: Normal
     0 | D:1      | 0 ||| PLANNING D:1-11
   357 | D:1      | Found Ycuireosac's Distillery.
   370 | D:1      | 370 ||| SHOPLISTING 2 potions of heal wounds (130 gold,
                  | have 42).
   370 | D:1      | 370 ||| SHOPLISTING 2 potions of resistance (260 gold, have
                  | 42).
   370 | D:1      | 370 ||| BUYING potion of curing (39 gold).
   370 | D:1      | Bought a potion of curing for 39 gold pieces
   370 | D:1      | 370 ||| SHOPLISTING potion of curing (39 gold, have 3).
   370 | D:1      | 370 ||| SHOPLISTING potion of enlightenment (65 gold, have
                  | 3).
   370 | D:1      | 370 ||| SHOPLISTING potion of might (52 gold, have 3).
   407 | D:1      | Reached XP level 2. HP: 16/16 MP: 4/4
   502 | D:1      | Reached skill level 6 in Ranged Weapons
   507 | D:1      | 507 ||| UPGRADING to +0 ring mail.
   517 | D:1      | 517 ||| DROPPING +0 leather armour.
   518 | D:1      | 518 ||| READING 2 scrolls labelled LAKLIC TELIUKH.
   549 | D:1      | 549 ||| DROPPING scroll of butterflies.
   550 | D:1      | 550 ||| DROPPING scroll of torment.
   615 | D:2      | Found a faded altar of an unknown god.
   788 | D:2      | Reached XP level 3. HP: 20/20 MP: 5/5
   864 | D:2      | Identified the +11 mace "Luoppef" {freeze, Int+3 SInv}
  1241 | D:2      | Reached skill level 7 in Ranged Weapons
  1313 | D:2      | 1313 ||| READING 2 scrolls labelled EFUTHR OKAIWK.
  1313 | D:2      | 1313 ||| IDENTIFYING cyan potion
  1314 | D:2      | 1314 ||| READING scroll of identify.
  1314 | D:2      | 1314 ||| IDENTIFYING clear potion
  1315 | D:2      | 1315 ||| READING scroll labelled CONLAO GOIFAU.
  1316 | D:2      | 1316 ||| DRINKING 3 fizzy green potions.
  1317 | D:2      | 1317 ||| DRINKING 2 potions of curing.
  1317 | D:2      | 1317 ||| (to cure confusion)
  1318 | D:2      | 1318 ||| DROPPING potion of degeneration.
  1319 | D:2      | 1319 ||| DROPPING 2 potions of ambrosia.
  1321 | D:2      | 1321 ||| Stepping ~*~*~tactically~*~*~ (cloud).
  1322 | D:2      | 1322 ||| DRINKING potion of curing.
  1322 | D:2      | 1322 ||| (to cure poison)
  1327 | D:2      | 1327 ||| Stepping ~*~*~tactically~*~*~ (cloud).
  1333 | D:2      | HP: 5/20 [poisoned by you (poison gas)]
  1416 | D:3      | 1416 ||| PLANNING SEWER
  1580 | D:3      | HP: 4/20 [poisoned by an adder]
  1584 | D:3      | Slain by a ball python

Levels and vault maps discovered:
D:1:      dpeg_chamrin_arrival_tetris, layout_rooms, serial_shops, shop
D:2:      cheibrodos_old_hovel, layout_loops_cross,
          chequers_ecumenical_altar_island
D:3:      layout_basic, minitemple, mainiacjoe_sewer_entry_somewhere_in_here_1,
          serial_aquarium, aquarium_bridge_square [aquarium_subvault_bridge,
          aquarium_subvault_wall, aquarium_subvault_balcony,
          aquarium_subvault_bridge], aquarium_window_fake, aquarium_window_1,
          aquarium_window_2, aquarium_view_2c, aquarium_pool_1,
          minmay_misc_feat_encased

Skill      XL: |  1  2  3 |
---------------+----------+-----
Ranged Weapons | 6 7 |  7.3
Fighting       | |  1.5
Dodging        | |  2.4
Stealth        | |  1.2

Action                     || total
---------------------------++-------
   Fire: Shortbow          ||   131
    Use: Scroll            ||     4
         Potion            ||     3
 Armour: Leather armour    ||     8
         Ring mail         ||    49
  Dodge: Dodged            ||    51

Table legend:
 A = Non-vault XP
 B = Vault XP
 C = Vault XP percentage of total XP
 D = Non-vault monster count
 E = Vault monster count
 F = Vault count percentage of total count
                 A         B        C        D         E       F
            +---------+---------+-------+---------+---------+-------
      Total |      73 |      15 |  17.0 |      29 |       2 |   6.5
            +---------+---------+-------+---------+---------+-------
        D:1 |      13 |       0 |   0.0 |      10 |       0 |   0.0
        D:2 |      54 |       2 |   3.6 |      15 |       1 |   6.2
        D:3 |       6 |      13 |  68.4 |       4 |       1 |  20.0
            +---------+---------+-------+---------+---------+-------
